SNL (28 & UNDER)
BLACKIRON DRAGONS @ SANTA FE DIABLOS
09/12/2023
 
TOP OF THE 1ST
BlackIron Dragons batting - Pitching for Santa Fe Diablos : LHP Matt Parker
Pitching: LHP Matt Parker
Batting: LHB Aurelio Torrez 0-0: Ball
1-0: Ball
2-0: Foul Ball, location: 2F
2-1: Foul Ball, location: 2F
2-2: Fly out, F7 (Popup, 5D)
Batting: RHB Dallas Blair 0-0: Ball
1-0: Bunt for hit - play at first, batter OUT! 1-3
Batting: RHB Robert Buckley 0-0: Ball
1-0: Ground out 2-3 (Groundball, 2L)
Top of the 1st over - 0 run(s), 0 hit(s), 0 error(s), 0 left on base; BlackIron 0 - Santa Fe 0
BOTTOM OF THE 1ST
Santa Fe Diablos batting - Pitching for BlackIron Dragons : RHP Juan Gutiérrez
Pitching: RHP Juan Gutiérrez
Batting: RHB John Dinkins 0-0: Called Strike
0-1: Ball
1-1: Called Strike
1-2: Foul Ball, location: 2F
1-2: Strikes out looking
Batting: LHB Roberto Sandoval 0-0: Swinging Strike
0-1: Foul Ball, location: 2F
0-2: Strikes out swinging
Batting: SHB António Hernández 0-0: Ball
1-0: Ground out 1-3 (Groundball, 15S)
Bottom of the 1st over - 0 run(s), 0 hit(s), 0 error(s), 0 left on base; BlackIron 0 - Santa Fe 0
TOP OF THE 2ND
BlackIron Dragons batting - Pitching for Santa Fe Diablos : LHP Matt Parker
Batting: RHB Robert Bly 0-0: Ball
1-0: Ground out 5-3 (Groundball, 5L)
Batting: RHB José Colón 0-0: Ball
1-0: Ground out 4-3 (Groundball, 4M)
Batting: RHB Ed Sims 0-0: SINGLE (Line Drive, 6D)
Batting: RHB Jonah Duncan 0-0: Swinging Strike
0-1: Swinging Strike
0-2: Strikes out looking
Top of the 2nd over - 0 run(s), 1 hit(s), 0 error(s), 1 left on base; BlackIron 0 - Santa Fe 0
BOTTOM OF THE 2ND
Santa Fe Diablos batting - Pitching for BlackIron Dragons : RHP Juan Gutiérrez
Batting: RHB Júlio López 0-0: Ball
1-0: Swinging Strike
1-1: Foul Ball, location: 2F
1-2: Ball
2-2: SINGLE (Groundball, 4MD)
Batting: LHB Don Soper 0-0: Called Strike
0-1: Ball
1-1: Swinging Strike
1-2: Strikes out swinging
Batting: LHB John Nicholson 0-0: Called Strike
0-1: Ball
1-1: Ball
2-1: Called Strike
2-2: Strikes out swinging
Batting: RHB Michael Anderson 0-0: Called Strike
0-1: Fly out, F8 (Popup, 8RS)
Bottom of the 2nd over - 0 run(s), 1 hit(s), 0 error(s), 1 left on base; BlackIron 0 - Santa Fe 0
TOP OF THE 3RD
BlackIron Dragons batting - Pitching for Santa Fe Diablos : LHP Matt Parker
Batting: RHB Phil Jacobs 0-0: Called Strike
0-1: Fly out, F9 (Flyball, 89M)
Batting: RHB Joaquín Rosales 0-0: Ball
1-0: SINGLE (Line Drive, 6MD)
Batting: LHB Aurelio Torrez 0-0: Ball
1-0: Swinging Strike
1-1: Foul Ball, location: 2F
1-2: Ball
2-2: Ball
3-2: Base on Balls
Joaquín Rosales to second
Batting: RHB Dallas Blair 0-0: Ball
1-0: Fly out, F7 (Flyball, 7S)
Batting: RHB Robert Buckley 0-0: Foul Ball, location: 2F
0-1: Called Strike
0-2: Strikes out looking
Top of the 3rd over - 0 run(s), 1 hit(s), 0 error(s), 2 left on base; BlackIron 0 - Santa Fe 0
BOTTOM OF THE 3RD
Santa Fe Diablos batting - Pitching for BlackIron Dragons : RHP Juan Gutiérrez
Batting: RHB Ray Davis 0-0: Called Strike
0-1: Swinging Strike
0-2: Ball
1-2: Ball
2-2: SINGLE (Groundball, 4MD)
Batting: RHB Ánibal Gonzáles 0-0: Ball
1-0: Ground out 5-3 (Groundball, 56S)
Ray Davis to second
Batting: RHB John Dinkins 0-0: SINGLE (Groundball, 56D)
Ray Davis to third
Batting: LHB Roberto Sandoval 0-0: Foul Ball, location: 2F
0-1: Called Strike
0-2: Ball
1-2: Strikes out swinging
Batting: SHB António Hernández 0-0: Ball
1-0: Called Strike
1-1: Swinging Strike
1-2: Strikes out swinging
Bottom of the 3rd over - 0 run(s), 2 hit(s), 0 error(s), 2 left on base; BlackIron 0 - Santa Fe 0
TOP OF THE 4TH
BlackIron Dragons batting - Pitching for Santa Fe Diablos : LHP Matt Parker
Batting: RHB Robert Bly 0-0: Ball
1-0: DOUBLE (Line Drive, 78M)
Batting: RHB José Colón 0-0: Ground out 6-3 (Groundball, 6)
Batting: RHB Ed Sims 0-0: Ball
1-0: Ball
2-0: Foul Ball, location: 2F
2-1: Swinging Strike
2-2: Strikes out swinging
Batting: RHB Jonah Duncan 0-0: Ball
1-0: SINGLE (Line Drive, 89S)
Robert Bly to third
Batting: RHB Phil Jacobs 0-0: Called Strike
0-1: Called Strike
0-2: Strikes out looking
Top of the 4th over - 0 run(s), 2 hit(s), 0 error(s), 2 left on base; BlackIron 0 - Santa Fe 0
BOTTOM OF THE 4TH
Santa Fe Diablos batting - Pitching for BlackIron Dragons : RHP Juan Gutiérrez
Batting: RHB Júlio López 0-0: Ground out 4-3 (Groundball, 4)
Batting: LHB Don Soper 0-0: Ball
1-0: Ball
2-0: Called Strike
2-1: Ball
3-1: Called Strike
3-2: Ground out 4-3 (Groundball, 4)
Batting: LHB John Nicholson 0-0: Ball
1-0: Called Strike
1-1: Foul Ball, location: 2F
1-2: Foul Ball, location: 2F
1-2: Foul Ball, location: 2F
1-2: SINGLE (Groundball, 6MD)
Batting: RHB Michael Anderson 0-0: Foul Ball, location: 2F
0-1: Ball
Pickoff Throw to First - Out!
Bottom of the 4th over - 0 run(s), 1 hit(s), 0 error(s), 0 left on base; BlackIron 0 - Santa Fe 0
TOP OF THE 5TH
BlackIron Dragons batting - Pitching for Santa Fe Diablos : LHP Matt Parker
Batting: RHB Joaquín Rosales 0-0: Ball
1-0: Ball
2-0: Foul Ball, location: 2F
2-1: Foul Ball, location: 2F
2-2: Foul Ball, location: 2F
2-2: Ball
3-2: Strikes out swinging
Batting: LHB Aurelio Torrez 0-0: SINGLE (Groundball, 4MS)
Batting: RHB Dallas Blair 0-0: Reached on error, E4 (Groundball, 4)
Aurelio Torrez to second
Batting: RHB Robert Buckley 0-0: Called Strike
Aurelio Torrez is caught stealing 3rd base
Dallas Blair to second
0-1: DOUBLE (Flyball, 89D)
Dallas Blair scores
Batting: RHB Robert Bly 0-0: Called Strike
0-1: Called Strike
0-2: Ball
1-2: Ball
2-2: Foul Ball, location: 2F
2-2: Ball
3-2: Foul Ball, location: 2F
3-2: SINGLE (Line Drive, 78S)
Robert Buckley to third
Robert Buckley scores
Batting: RHB José Colón 0-0: Swinging Strike
0-1: DOUBLE (Line Drive, 8LS)
Robert Bly to third
Batting: RHB Ed Sims 0-0: Ball
Wild Pitch!
Robert Bly scores
José Colón to third
1-0: Ground out 3-1 (Groundball, 34)
Top of the 5th over - 3 run(s), 4 hit(s), 1 error(s), 1 left on base; BlackIron 3 - Santa Fe 0
BOTTOM OF THE 5TH
Santa Fe Diablos batting - Pitching for BlackIron Dragons : RHP Juan Gutiérrez
Batting: RHB Michael Anderson 0-0: Called Strike
0-1: Ball
1-1: Ball
2-1: Called Strike
2-2: Foul Ball, location: 2F
2-2: Foul Ball, location: 2F
2-2: Ball
3-2: Base on Balls
Batting: RHB Ray Davis 0-0: SINGLE (Line Drive, 7LS)
Michael Anderson to second
Batting: RHB Ánibal Gonzáles 0-0: Foul Ball, location: 2F
0-1: Foul Ball, location: 2F
0-2: Ball
1-2: Strikes out swinging
Batting: RHB John Dinkins 0-0: Ball
1-0: Swinging Strike
1-1: Ball
2-1: Ball
3-1: Foul Ball, location: 2F
3-2: SINGLE (Groundball, 56D)
Michael Anderson to third
Ray Davis to second
Runner from 3rd tries for Home, SAFE, throw made home
Ray Davis to third
John Dinkins to second
Batting: LHB Roberto Sandoval 0-0: Called Strike
0-1: Ball
1-1: Ball
2-1: Fly out, F8 (Line Drive, 8RXD)
Runner from 3rd tags up, SCORES, no throw
John Dinkins to third
Batting: SHB António Hernández 0-0: Ball
1-0: Called Strike
1-1: Called Strike
1-2: Strikes out swinging
Bottom of the 5th over - 2 run(s), 2 hit(s), 0 error(s), 1 left on base; BlackIron 3 - Santa Fe 2
TOP OF THE 6TH
BlackIron Dragons batting - Pitching for Santa Fe Diablos : LHP Matt Parker
Batting: RHB Jonah Duncan 0-0: Ball
1-0: Called Strike
1-1: Ground out 5-3 (Groundball, 5S)
Batting: RHB Phil Jacobs 0-0: Called Strike
0-1: Called Strike
0-2: Foul Ball, location: 2F
0-2: Ground out 6-3 (Groundball, 6M)
Batting: RHB Joaquín Rosales 0-0: Called Strike
0-1: Foul Ball, location: 2F
0-2: Ball
1-2: Strikes out swinging
Top of the 6th over - 0 run(s), 0 hit(s), 0 error(s), 0 left on base; BlackIron 3 - Santa Fe 2
BOTTOM OF THE 6TH
Santa Fe Diablos batting - Pitching for BlackIron Dragons : RHP Juan Gutiérrez
Batting: RHB Júlio López 0-0: Ball
1-0: Called Strike
1-1: Ball
2-1: Swinging Strike
2-2: Foul Ball, location: 2F
2-2: Strikes out swinging
Batting: LHB Don Soper 0-0: Ball
1-0: Called Strike
1-1: Swinging Strike
1-2: Ball
2-2: SINGLE (Line Drive, 6D)
Pitching: RHP Jayson Simms
Batting: LHB John Nicholson 0-0: Called Strike
0-1: Called Strike
0-2: Strikes out swinging
Batting: RHB Michael Anderson 0-0: Ball
1-0: Called Strike
1-1: Swinging Strike
1-2: Ball
2-2: Strikes out swinging
Bottom of the 6th over - 0 run(s), 1 hit(s), 0 error(s), 1 left on base; BlackIron 3 - Santa Fe 2
TOP OF THE 7TH
BlackIron Dragons batting - Pitching for Santa Fe Diablos : LHP Matt Parker
Batting: LHB Aurelio Torrez 0-0: Foul Ball, location: 2F
0-1: Foul Ball, location: 2F
0-2: Foul Ball, location: 2F
0-2: Ball
1-2: Foul Ball, location: 2F
1-2: Foul Ball, location: 2F
1-2: Strikes out swinging
Batting: RHB Dallas Blair 0-0: Swinging Strike
0-1: Foul Ball, location: 2F
0-2: Ball
1-2: Ground out 1-6-3 (Groundball, 15S)
Batting: RHB Robert Buckley 0-0: Called Strike
0-1: Ball
1-1: Swinging Strike
1-2: Ball
2-2: Strikes out swinging
Top of the 7th over - 0 run(s), 0 hit(s), 0 error(s), 0 left on base; BlackIron 3 - Santa Fe 2
BOTTOM OF THE 7TH
Santa Fe Diablos batting - Pitching for BlackIron Dragons : RHP Jayson Simms
Batting: RHB Ray Davis 0-0: Ball
1-0: Ball
2-0: Called Strike
2-1: Swinging Strike
2-2: Foul Ball, location: 2F
2-2: Strikes out looking
Batting: RHB Ánibal Gonzáles 0-0: Ball
1-0: Called Strike
1-1: Ball
2-1: Called Strike
2-2: Foul Ball, location: 2F
2-2: SINGLE (Groundball, 56D)
Batting: RHB John Dinkins 0-0: Called Strike
0-1: Called Strike
0-2: Ball
1-2: Foul Ball, location: 2F
1-2: Fly out, F7 (Line Drive, 7M)
Batting: LHB Roberto Sandoval 0-0: Ball
Ánibal Gonzáles is caught stealing 2nd base
Bottom of the 7th over - 0 run(s), 1 hit(s), 0 error(s), 0 left on base; BlackIron 3 - Santa Fe 2
TOP OF THE 8TH
BlackIron Dragons batting - Pitching for Santa Fe Diablos : LHP Matt Parker
Pitching: RHP Bill Morris
Batting: RHB Robert Bly 0-0: Ball
1-0: Ball
2-0: Foul Ball, location: 2F
2-1: Fly out, F8 (Line Drive, 8LD)
Batting: RHB José Colón 0-0: Swinging Strike
0-1: Foul Ball, location: 2F
0-2: Foul Ball, location: 2F
0-2: DOUBLE (Line Drive, 89M)
Batting: RHB Ed Sims 0-0: Ball
1-0: Foul Ball, location: 2F
1-1: Called Strike
1-2: SINGLE (Groundball, 34D)
José Colón to third
Pinch Hitting: LHB Leonard Young 0-0: Called Strike
0-1: Ball
1-1: Foul Ball, location: 2F
1-2: Ball
2-2: 3-RUN HOME RUN (Flyball, 8RXD), Distance : 433 ft
Pitching: LHP Doug Starks
Batting: RHB Phil Jacobs 0-0: Ball
1-0: Ball
2-0: Ball
3-0: Base on Balls
Batting: RHB Joaquín Rosales 0-0: Ball
1-0: Ball
Phil Jacobs steals 2nd base
2-0: Ball
3-0: Base on Balls
Batting: LHB Aurelio Torrez 0-0: Swinging Strike
0-1: Ball
1-1: SINGLE (Line Drive, 89M)
Phil Jacobs to third
Joaquín Rosales to second
Runner from 3rd tries for Home, SAFE, no throw or cutoff
Batting: RHB Dallas Blair 0-0: Called Strike
0-1: Swinging Strike
0-2: Ball
1-2: Strikes out looking
Batting: RHB Robert Buckley 0-0: Called Strike
0-1: Called Strike
0-2: Ball
1-2: Strikes out swinging
Top of the 8th over - 4 run(s), 4 hit(s), 0 error(s), 2 left on base; BlackIron 7 - Santa Fe 2
BOTTOM OF THE 8TH
Santa Fe Diablos batting - Pitching for BlackIron Dragons : RHP Jayson Simms
Now in LF: Eddie Shirley
Now in RF: Manuel Cortéz
Batting: LHB Roberto Sandoval 0-0: Foul Ball, location: 2F
0-1: Ball
1-1: Foul Ball, location: 2F
1-2: Ball
2-2: Strikes out swinging
Pitching: LHP Manny Luján
Batting: SHB António Hernández 0-0: Ball
1-0: SINGLE (Groundball, 34) (infield hit)
Batting: RHB Júlio López 0-0: Ball
1-0: Swinging Strike
1-1: Foul Ball, location: 2F
1-2: Strikes out swinging
Batting: LHB Don Soper 0-0: Swinging Strike
0-1: Ball
1-1: Ball
2-1: Foul Ball, location: 2F
2-2: Ball
3-2: Strikes out swinging
Bottom of the 8th over - 0 run(s), 1 hit(s), 0 error(s), 1 left on base; BlackIron 7 - Santa Fe 2
TOP OF THE 9TH
BlackIron Dragons batting - Pitching for Santa Fe Diablos : LHP Doug Starks
Batting: RHB Robert Bly 0-0: Ball
1-0: Swinging Strike
1-1: Ball
2-1: SINGLE (Line Drive, 56D)
Batting: RHB José Colón 0-0: Ball
1-0: DOUBLE (Flyball, 7LM)
Robert Bly to third
Batting: RHB Ed Sims 0-0: Called Strike
0-1: Ball
1-1: SINGLE (Line Drive, 56D)
Robert Bly scores
José Colón to third
Batting: RHB Eddie Shirley 0-0: DOUBLE (Line Drive, 8LD)
José Colón scores
Ed Sims to third
Runner from 3rd tries for Home, throw and OUT!
Batting: RHB Phil Jacobs 0-0: Fly out, F6 (Popup, 6M)
Pinch Hitting: RHB Brian Jackson 0-0: Fly out, F5 (Line Drive, 5)
Top of the 9th over - 2 run(s), 4 hit(s), 0 error(s), 1 left on base; BlackIron 9 - Santa Fe 2
BOTTOM OF THE 9TH
Santa Fe Diablos batting - Pitching for BlackIron Dragons : LHP Manny Luján
Now at 3B: Rusty Clinton
Batting: LHB John Nicholson 0-0: Ball
1-0: Foul Ball, location: 2F
1-1: SINGLE (Groundball, 4MD)
Batting: RHB Michael Anderson 0-0: Called Strike
0-1: Ball
1-1: Ball
2-1: Ball
3-1: Base on Balls
John Nicholson to second
Batting: RHB Ray Davis 0-0: Ball
1-0: Called Strike
1-1: Called Strike
1-2: Foul Ball, location: 2F
1-2: Strikes out swinging
Pinch Hitting: RHB José Alvarado 0-0: Swinging Strike
0-1: Ball
1-1: Ball
Wild Pitch!
John Nicholson to third
Michael Anderson to second
2-1: Ball
3-1: Called Strike
3-2: Base on Balls
Batting: RHB John Dinkins 0-0: Ball
1-0: Ball
Wild Pitch!
John Nicholson scores
Michael Anderson to third
José Alvarado to second
2-0: Called Strike
2-1: Fly out, F7 (Flyball, 7D)
Runner from 3rd tags up, SCORES, no throw
José Alvarado to third
Pitching: LHP Vincent Horne
Batting: LHB Roberto Sandoval 0-0: Ball
1-0: Foul Ball, location: 2F
1-1: Ball
2-1: Ground out 4-3 (Groundball, 4)
Bottom of the 9th over - 2 run(s), 1 hit(s), 0 error(s), 1 left on base; BlackIron 9 - Santa Fe 4
This league is powered by Out of the Park Baseball, the baseball management simulation game for PC, Mac and Linux
Wednesday, December 2nd, 2015 - OOTP Baseball 16.8 Build 38